Flames vs Sabres

Created - November-02-12 at 17:33

Goals
1 2 3 T
Flames 1 2 1 4
Sabres 1 1 0 2
Shots
1 2 3 T
Flames 11 8 12 31
Sabres 8 10 8 26

1st period

1. Sabres , Dan Cleary 3 (Tuomo Ruutu) at 4:51
2. Flames , Bryce Salvador 2 (Michael Ryder, Ryan Kesler) at 5:32

Penalties :
Patrick Kaleta (BUF) for Roughing (Minor) at 1:26, Toni Lydman (CGY) for High sticking (Minor) at 16:19

2nd period

3. Sabres , Marian Hossa 5 (Jordan Staal, Thomas Vanek) at 0:30
4. Flames , Ryan Kesler 6 (Dustin Brown, Toni Lydman) at 7:06
5. Flames , Michael Ryder 4 (Jack Johnson, Dustin Brown) at 8:43

Penalties :
Ladislav Smid (BUF) for Hooking (Minor) at 1:24, Jakub Kindl (CGY) for Hooking (Minor) at 11:59, Jakub Kindl (CGY) for Interference (Minor) at 14:58

3rd period

6. Flames , Dustin Brown 2 (Michael Ryder, Dan Boyle) at 8:05 (PP)

Penalties :
Ladislav Smid (BUF) for Close Hand On Puck (Minor) at 1:12, Tomas Kopecky (CGY) for Interference (Minor) at 1:12, Ryan Kesler (CGY) for Interference (Minor) at 5:26, Mike Richards (BUF) for Roughing (Minor) at 7:22, Karl Alzner (BUF) for Hooking (Minor) at 11:28, Tyler Myers (BUF) for Tripping (Minor) at 18:26

Goalie Stats

Miikka Kiprusoff (CGY), 24 saves from 26 shots - (0.923), W, 4-5-2, 60:00 minutes
Corey Crawford (BUF), 27 saves from 31 shots - (0.871), L, 4-5-2, 60:00 minutes

Players Stats for Flames

Player Name              G  A  P  +/- PIM S  H  SB GA TA FO     MP     PP MP  PK MP  
------------------------------------------------------------------------------------
Andrew MacDonald         0  0  0  -1  0   0  0  0  0  0  0/0    10:04   0:00   0:39 
Bryce Salvador           1  0  1   0  0   1  1  0  0  0  0/0    24:35   4:00   4:14 
Cody Hodgson             0  0  0   0  0   0  0  0  0  0  2/3     2:02   0:00   0:00 
Dan Boyle                0  1  1   0  0   1  0  1  0  0  0/0    24:35   4:00   4:14 
David Jones              0  0  0   0  0   3  3  0  0  0  0/0    11:33   0:00   0:00 
Dustin Brown             1  2  3   2  0   5  2  0  0  0  6/14   25:44   3:59   5:10 
Erik Johnson             0  0  0  -1  0   0  4  0  0  0  0/0     9:25   0:00   0:00 
Jack Johnson             0  1  1   2  0   2  0  0  0  0  0/0    21:19   4:10   3:39 
Jake Gardiner            0  0  0   0  0   0  0  0  0  0  0/0     4:41   0:00   0:00 
Jakub Kindl              0  0  0   0  4   0  1  0  0  0  0/0     4:39   0:00   0:00 
Michael Grabner          0  0  0   0  0   1  1  0  0  0  1/1    13:00   0:00   1:47 
Michael Ryder            1  2  3   2  0   4  0  1  0  0  0/3    20:40   3:59   2:18 
Mikael Samuelsson        0  0  0  -1  0   2  1  0  0  0  0/2    22:18   4:11   2:18 
Pierre-Marc Bouchard     0  0  0   0  0   0  1  0  0  0  3/11   11:36   0:00   0:00 
Ryan Kesler              1  1  2   2  2   4  2  0  0  0  13/27  23:59   3:59   3:29 
Shawn Horcoff            0  0  0  -1  0   3  1  1  0  0  20/27  19:58   4:11   0:44 
Tomas Kopecky            0  0  0  -1  2   3  0  0  0  0  1/1    19:13   4:11   0:00 
Toni Lydman              0  1  1   2  2   2  1  1  0  0  0/0    20:39   4:10   3:00 

Players Stats for Sabres

Player Name              G  A  P  +/- PIM S  H  SB GA TA FO     MP     PP MP  PK MP  
------------------------------------------------------------------------------------
Andrej Sekera            0  0  0   0  0   0  0  0  0  0  0/0     2:16   0:52   1:00 
Carson McMillan          0  0  0   0  0   0  0  0  0  0  0/4     2:49   0:08   0:12 
Chris Butler             0  0  0   0  0   0  0  0  0  0  0/0     1:10   0:00   0:00 
Chris Stewart            0  0  0   0  0   1  0  0  0  0  0/1    10:42   0:00   0:00 
Christian Ehrhoff        0  0  0  -1  0   1  0  2  0  0  0/0    19:54   3:44   0:00 
Dan Cleary               1  0  1   0  0   4  0  0  0  0  0/0    15:17   0:00   2:06 
Daniel Briere            0  0  0  -2  0   3  0  0  0  0  12/25  19:19   3:35   1:12 
Jay Bouwmeester          0  0  0   2  0   1  0  1  0  0  0/0    26:43   4:09   4:33 
Jordan Staal             0  1  1   1  0   4  4  0  0  0  21/35  22:38   4:18   2:06 
Karl Alzner              0  0  0   2  2   0  3  2  0  0  0/0    19:24   0:00   3:49 
Ladislav Smid            0  0  0  -1  4   0  8  3  0  0  0/0    17:54   0:00   3:21 
Marian Hossa             1  0  1   1  0   2  1  3  0  0  0/1    26:02   4:18   6:04 
Mike Richards            0  0  0  -2  2   4  2  0  0  0  4/9    22:02   3:34   4:40 
Patrick Kaleta           0  0  0  -2  2   1  4  0  0  0  0/0    16:16   0:00   0:00 
Thomas Vanek             0  1  1   1  0   0  0  0  0  0  0/2    20:32   4:18   0:00 
Trevor Daley             0  0  0  -2  0   1  0  2  0  0  0/0    19:07   4:09   3:37 
Tuomo Ruutu              0  1  1   0  0   1  1  0  0  0  6/12   14:09   3:27   0:00 
Tyler Myers              0  0  0  -2  2   3  2  1  0  0  0/0    13:28   2:52   0:00 

3 Stars

1 - Dustin Brown (CGY)
2 - Michael Ryder (CGY)
3 - Ryan Kesler (CGY)

Power Play

Flames - 1 on 5 Attempt(s) - 20.00%
Sabres - 0 on 4 Attempt(s) - 0.00%

Penalty Kill

Flames - 4 on 4 Attempt(s) - 100.00% - Score 0 goal in Penalty Kill
Sabres - 4 on 5 Attempt(s) - 80.00% - Score 0 goal in Penalty Kill

Official

Referees : Gord Dwyer and Frederick L'Ecuyer
Linesman : Thor Nelson and Michel Cormier

Game Notes

No Game Note

Finance

Level 1 -- Attendance: 6500 (100.00%) -- Ticket Income $585,000
Level 2 -- Attendance: 4576 (91.52%) -- Ticket Income $274,560
Level 3 -- Attendance: 3451 (98.60%) -- Ticket Income $138,040
Level 4 -- Attendance: 2596 (96.51%) -- Ticket Income $77,880
Luxury Box -- Attendance: 1000 (100.00%) -- Ticket Income $200,000
Game was played at the First Niagara Center
Total Attendance: 18123 (96.97%)
Total Ticket Income: $1,275,480
Other Income: $191,322
Total Income: $1,466,802


% Time on Ice - Flames

Lines # - Real PCT - Wanted PCT - Time Play
Normal Forward
1 - 32% - 40% - 13:37
2 - 36% - 30% - 15:03
3 - 27% - 20% - 11:13
4 - 5% - 10% - 2:02
Normal Defense
1 - 38% - 40% - 15:45
2 - 29% - 30% - 12:04
3 - 22% - 20% - 9:25
4 - 11% - 10% - 4:41
PP Forward
1 - 49% - 60% - 3:59
2 - 51% - 40% - 4:11
PP Defense
1 - 49% - 60% - 4:00
2 - 51% - 40% - 4:10
PK Forward
1 - 71% - 60% - 5:35
2 - 29% - 40% - 2:18
PK Defense
1 - 54% - 60% - 4:14
2 - 46% - 40% - 3:39
PK3 Forward
1 - 0% - 60%
2 - 0% - 40%
PK3 Defense
1 - 0% - 60%
2 - 0% - 40%
44 Forward
1 - 62% - 60% - 1:16
2 - 38% - 40% - 0:46
44 Defense
1 - 30% - 60% - 0:36
2 - 70% - 40% - 1:26
Last Minute Offensive  - 0:00
Last Minute Defensive  - 0:00
Total
Forward - 60:00
Defense - 60:00

% Time on Ice - Sabres

Lines # - Real PCT - Wanted PCT - Time Play
Normal Forward
1 - 36% - 41% - 14:56
2 - 33% - 34% - 13:48
3 - 26% - 20% - 10:42
4 - 6% - 5% - 2:29
Normal Defense
1 - 35% - 36% - 14:32
2 - 37% - 34% - 15:36
3 - 25% - 25% - 10:37
4 - 3% - 5% - 1:10
PP Forward
1 - 55% - 60% - 4:18
2 - 45% - 40% - 3:35
PP Defense
1 - 47% - 60% - 3:44
2 - 53% - 40% - 4:09
PK Forward
1 - 74% - 60% - 6:04
2 - 26% - 40% - 2:06
PK Defense
1 - 44% - 60% - 3:37
2 - 56% - 40% - 4:33
PK3 Forward
1 - 0% - 60%
2 - 0% - 40%
PK3 Defense
1 - 0% - 60%
2 - 0% - 40%
44 Forward
1 - 80% - 60% - 1:38
2 - 20% - 40% - 0:24
44 Defense
1 - 80% - 60% - 1:38
2 - 20% - 40% - 0:24
Last Minute Offensive  - 0:00
Last Minute Defensive  - 0:00
Total
Forward - 60:00
Defense - 60:00

Play by Play

1st period


0:01 of 1st period - Jordan Staal wins face-off versus Ryan Kesler in neutral zone.
0:08 of 1st period - Marian Hossa is hit by Dustin Brown and loses puck.
0:59 of 1st period - Icing by Ladislav Smid.
1:00 of 1st period - Pierre-Marc Bouchard wins face-off versus Jordan Staal in Sabres zone.
1:01 of 1st period - Shot by David Jones.
1:01 of 1st period - Stopped by Corey Crawford without a rebound.
1:02 of 1st period - Pierre-Marc Bouchard wins face-off versus Daniel Briere in Sabres zone.
1:26 of 1st period - Minor Penalty to Patrick Kaleta for Roughing.
1:27 of 1st period - Mike Richards wins face-off versus Shawn Horcoff in Sabres zone.
1:33 of 1st period - Icing by Tomas Kopecky.
1:34 of 1st period - Shawn Horcoff wins face-off versus Mike Richards in Flames zone.
1:34 of 1st period - Shawn Horcoff is hit by Mike Richards.
2:00 of 1st period - Shot by Mikael Samuelsson.
2:00 of 1st period - Stopped by Corey Crawford without a rebound.
2:01 of 1st period - Jordan Staal wins face-off versus Ryan Kesler in Sabres zone.
2:25 of 1st period - Icing by Michael Ryder.
2:26 of 1st period - Ryan Kesler wins face-off versus Mike Richards in Flames zone.
2:39 of 1st period - Shot by Jordan Staal.
2:39 of 1st period - Shot Misses the Net.
2:41 of 1st period - Shot by Jordan Staal.
2:41 of 1st period - Stopped by Miikka Kiprusoff with a rebound.
3:51 of 1st period - Dan Cleary is hit by David Jones and loses puck.
4:03 of 1st period - Shot by Tuomo Ruutu.
4:03 of 1st period - Stopped by Miikka Kiprusoff without a rebound.
4:04 of 1st period - Daniel Briere wins face-off versus Shawn Horcoff in Flames zone.
4:31 of 1st period - Shot by Dan Boyle.
4:31 of 1st period - Stopped by Corey Crawford without a rebound.
4:32 of 1st period - Jordan Staal wins face-off versus Ryan Kesler in Sabres zone.
4:49 of 1st period - Shot by Marian Hossa.
4:49 of 1st period - Stopped by Miikka Kiprusoff without a rebound.
4:50 of 1st period - Tuomo Ruutu wins face-off versus Shawn Horcoff in Flames zone.
4:51 of 1st period - Shot by Dan Cleary.
4:51 of 1st period - Goal by Dan Cleary - Flames : 0 - Sabres : 1.
4:52 of 1st period - Shawn Horcoff wins face-off versus Jordan Staal in neutral zone.
5:10 of 1st period - Off-side.
5:11 of 1st period - Ryan Kesler wins face-off versus Daniel Briere in neutral zone.
5:28 of 1st period - Shot by Ryan Kesler.
5:28 of 1st period - Shot Misses the Net.
5:30 of 1st period - Shot by Michael Ryder.
5:30 of 1st period - Shot Misses the Net.
5:32 of 1st period - Shot by Bryce Salvador.
5:32 of 1st period - Goal by Bryce Salvador - Flames : 1 - Sabres : 1.
5:33 of 1st period - Jordan Staal wins face-off versus Mikael Samuelsson in neutral zone.
7:04 of 1st period - Icing by Daniel Briere.
7:05 of 1st period - Daniel Briere wins face-off versus Ryan Kesler in Sabres zone.
7:37 of 1st period - Shot by Dustin Brown.
7:37 of 1st period - Deflect By Ryan Kesler.
7:37 of 1st period - Stopped by Corey Crawford without a rebound.
7:38 of 1st period - Michael Grabner wins face-off versus Chris Stewart in Sabres zone.
7:41 of 1st period - Shot by Pierre-Marc Bouchard.
7:41 of 1st period - Shot Blocked by Tyler Myers.
8:00 of 1st period - Icing by Trevor Daley.
8:01 of 1st period - Cody Hodgson wins face-off versus Tuomo Ruutu in Sabres zone.
8:32 of 1st period - Dustin Brown is hit by Tyler Myers and loses puck.
9:19 of 1st period - Shot by Thomas Vanek.
9:19 of 1st period - Shot Misses the Net.
9:29 of 1st period - Shot by Pierre-Marc Bouchard.
9:29 of 1st period - Shot Misses the Net.
9:46 of 1st period - Erik Johnson is hit by Marian Hossa and loses puck.
10:26 of 1st period - Shot by Tomas Kopecky.
10:26 of 1st period - Deflect By Mikael Samuelsson.
10:26 of 1st period - Stopped by Corey Crawford with a rebound.
10:28 of 1st period - Shot by Shawn Horcoff.
10:28 of 1st period - Shot Blocked by Christian Ehrhoff.
10:30 of 1st period - Shot by Toni Lydman.
10:30 of 1st period - Stopped by Corey Crawford without a rebound.
10:31 of 1st period - Tuomo Ruutu wins face-off versus Ryan Kesler in Sabres zone.
11:00 of 1st period - Shot by Dustin Brown.
11:00 of 1st period - Stopped by Corey Crawford without a rebound.
11:01 of 1st period - Daniel Briere wins face-off versus Shawn Horcoff in Sabres zone.
11:10 of 1st period - Shot by Mike Richards.
11:10 of 1st period - Stopped by Miikka Kiprusoff without a rebound.
11:11 of 1st period - Shawn Horcoff wins face-off versus Jordan Staal in Flames zone.
11:11 of 1st period - Shawn Horcoff is hit by Jordan Staal.
11:49 of 1st period - Shot by Jordan Staal.
11:49 of 1st period - Shot Blocked by Shawn Horcoff.
11:51 of 1st period - Shot by Thomas Vanek.
11:51 of 1st period - Shot Misses the Net.
11:53 of 1st period - Shot by Ladislav Smid.
11:53 of 1st period - Shot Misses the Net.
12:27 of 1st period - Shot by Daniel Briere.
12:27 of 1st period - Shot Blocked by Toni Lydman.
12:39 of 1st period - Shot by Jack Johnson.
12:39 of 1st period - Stopped by Corey Crawford without a rebound.
12:40 of 1st period - Tuomo Ruutu wins face-off versus Pierre-Marc Bouchard in Sabres zone.
12:50 of 1st period - Trevor Daley is hit by Erik Johnson and loses puck.
12:58 of 1st period - Chris Stewart is hit by Erik Johnson and loses puck.
13:16 of 1st period - Shot by Chris Stewart.
13:16 of 1st period - Stopped by Miikka Kiprusoff without a rebound.
13:17 of 1st period - Jordan Staal wins face-off versus Ryan Kesler in Flames zone.
13:17 of 1st period - Jordan Staal is hit by Toni Lydman.
13:28 of 1st period - Michael Ryder is hit by Ladislav Smid and loses puck.
13:44 of 1st period - Ryan Kesler is hit by Ladislav Smid and loses puck.
13:53 of 1st period - Shot by Michael Ryder.
13:53 of 1st period - Shot Hit the Post.
14:01 of 1st period - Shot by Michael Ryder.
14:01 of 1st period - Shot Blocked by Marian Hossa.
15:02 of 1st period - Shot by Michael Grabner.
15:02 of 1st period - Stopped by Corey Crawford without a rebound.
15:03 of 1st period - Pierre-Marc Bouchard wins face-off versus Tuomo Ruutu in Sabres zone.
15:54 of 1st period - Shot by Michael Ryder.
15:54 of 1st period - Shot Blocked by Trevor Daley.
16:12 of 1st period - Dustin Brown is hit by Tyler Myers.
16:19 of 1st period - Minor Penalty to Toni Lydman for High sticking.
16:20 of 1st period - Dustin Brown wins face-off versus Jordan Staal in Flames zone.
16:20 of 1st period - Dustin Brown is hit by Jordan Staal.
17:31 of 1st period - Shot by Trevor Daley.
17:31 of 1st period - Stopped by Miikka Kiprusoff without a rebound.
17:32 of 1st period - Daniel Briere wins face-off versus Michael Ryder in Flames zone.
17:37 of 1st period - Shot by Tyler Myers.
17:37 of 1st period - Deflect By Mike Richards.
17:37 of 1st period - Shot Blocked by Michael Ryder.
17:39 of 1st period - Shot by Mike Richards.
17:39 of 1st period - Stopped by Miikka Kiprusoff without a rebound.
17:40 of 1st period - Jordan Staal wins face-off versus Dustin Brown in Flames zone.
18:34 of 1st period - Icing by Christian Ehrhoff.
18:35 of 1st period - Ryan Kesler wins face-off versus Carson McMillan in Sabres zone.
18:35 of 1st period - Ryan Kesler is hit by Ladislav Smid.
18:44 of 1st period - Icing by Christian Ehrhoff.
18:45 of 1st period - Tomas Kopecky wins face-off versus Carson McMillan in Sabres zone.
18:45 of 1st period - Tomas Kopecky is hit by Ladislav Smid.
18:49 of 1st period - Shot by Tomas Kopecky.
18:49 of 1st period - Stopped by Corey Crawford with a rebound.
19:55 of 1st period - Shot by Marian Hossa.
19:55 of 1st period - Shot Misses the Net.
19:57 of 1st period - Shot by Marian Hossa.
19:57 of 1st period - Shot Misses the Net.

2nd period


0:01 of 2nd period - Jordan Staal wins face-off versus Ryan Kesler in neutral zone.
0:30 of 2nd period - Shot by Marian Hossa.
0:30 of 2nd period - Goal by Marian Hossa - Flames : 1 - Sabres : 2.
0:31 of 2nd period - Shawn Horcoff wins face-off versus Mike Richards in neutral zone.
0:54 of 2nd period - Shot by Mikael Samuelsson.
0:54 of 2nd period - Deflect By Shawn Horcoff.
0:54 of 2nd period - Shot Blocked by Ladislav Smid.
1:19 of 2nd period - Icing by Patrick Kaleta.
1:20 of 2nd period - Ryan Kesler wins face-off versus Daniel Briere in Sabres zone.
1:20 of 2nd period - Dustin Brown is hit by Ladislav Smid and loses puck.
1:24 of 2nd period - Minor Penalty to Ladislav Smid for Hooking.
1:25 of 2nd period - Ryan Kesler wins face-off versus Mike Richards in Sabres zone.
1:38 of 2nd period - Shot by Michael Ryder.
1:38 of 2nd period - Stopped by Corey Crawford without a rebound.
1:39 of 2nd period - Mike Richards wins face-off versus Ryan Kesler in Sabres zone.
2:08 of 2nd period - Shot by Ryan Kesler.
2:08 of 2nd period - Stopped by Corey Crawford without a rebound.
2:09 of 2nd period - Jordan Staal wins face-off versus Shawn Horcoff in Sabres zone.
3:24 of 2nd period - Shot by Dustin Brown.
3:24 of 2nd period - Shot Misses the Net.
4:38 of 2nd period - Off-side.
4:39 of 2nd period - Shawn Horcoff wins face-off versus Daniel Briere in neutral zone.
4:52 of 2nd period - Shot by Mike Richards.
4:52 of 2nd period - Deflect By Daniel Briere.
4:52 of 2nd period - Stopped by Miikka Kiprusoff without a rebound.
4:53 of 2nd period - Ryan Kesler wins face-off versus Jordan Staal in Flames zone.
5:06 of 2nd period - Icing by Tyler Myers.
5:07 of 2nd period - Shawn Horcoff wins face-off versus Jordan Staal in Sabres zone.
5:16 of 2nd period - Icing by Bryce Salvador.
5:17 of 2nd period - Shawn Horcoff wins face-off versus Daniel Briere in Flames zone.
5:17 of 2nd period - Shawn Horcoff is hit by Patrick Kaleta.
6:22 of 2nd period - Shot by Michael Ryder.
6:22 of 2nd period - Stopped by Corey Crawford without a rebound.
6:23 of 2nd period - Ryan Kesler wins face-off versus Tuomo Ruutu in Sabres zone.
7:04 of 2nd period - Shot by Dustin Brown.
7:04 of 2nd period - Stopped by Corey Crawford with a rebound.
7:06 of 2nd period - Shot by Ryan Kesler.
7:06 of 2nd period - Goal by Ryan Kesler - Flames : 2 - Sabres : 2.
7:07 of 2nd period - Jordan Staal wins face-off versus Pierre-Marc Bouchard in neutral zone.
7:09 of 2nd period - Off-side.
7:10 of 2nd period - Jordan Staal wins face-off versus Pierre-Marc Bouchard in neutral zone.
7:10 of 2nd period - Marian Hossa is hit by Michael Grabner and loses puck.
7:18 of 2nd period - Marian Hossa is hit by Bryce Salvador.
7:20 of 2nd period - Shot by Jordan Staal.
7:20 of 2nd period - Shot Misses the Net.
8:13 of 2nd period - Icing by Mike Richards.
8:14 of 2nd period - Daniel Briere wins face-off versus Ryan Kesler in Sabres zone.
8:43 of 2nd period - Shot by Michael Ryder.
8:43 of 2nd period - Goal by Michael Ryder - Flames : 3 - Sabres : 2.
8:44 of 2nd period - Shawn Horcoff wins face-off versus Tuomo Ruutu in neutral zone.
8:46 of 2nd period - Andrew MacDonald is hit by Ladislav Smid and loses puck.
8:51 of 2nd period - Shot by Tomas Kopecky.
8:51 of 2nd period - Shot Misses the Net.
8:53 of 2nd period - Shot by Andrew MacDonald.
8:53 of 2nd period - Shot Misses the Net.
8:55 of 2nd period - Shot by Mikael Samuelsson.
8:55 of 2nd period - Deflect By Tomas Kopecky.
8:55 of 2nd period - Stopped by Corey Crawford without a rebound.
8:56 of 2nd period - Cody Hodgson wins face-off versus Jordan Staal in Sabres zone.
8:56 of 2nd period - Cody Hodgson is hit by Karl Alzner.
9:03 of 2nd period - Icing by Jay Bouwmeester.
9:04 of 2nd period - Jordan Staal wins face-off versus Ryan Kesler in Sabres zone.
9:40 of 2nd period - Shot by Jordan Staal.
9:40 of 2nd period - Shot Misses the Net.
9:42 of 2nd period - Shot by Karl Alzner.
9:42 of 2nd period - Shot Misses the Net.
10:09 of 2nd period - Christian Ehrhoff is hit by Shawn Horcoff and loses puck.
11:59 of 2nd period - Minor Penalty to Jakub Kindl for Hooking.
12:00 of 2nd period - Dustin Brown wins face-off versus Thomas Vanek in Flames zone.
12:46 of 2nd period - Trevor Daley is hit by Ryan Kesler and loses puck.
12:53 of 2nd period - Shot by Jay Bouwmeester.
12:53 of 2nd period - Stopped by Miikka Kiprusoff without a rebound.
12:54 of 2nd period - Daniel Briere wins face-off versus Michael Ryder in Flames zone.
12:57 of 2nd period - Shot by Trevor Daley.
12:57 of 2nd period - Shot Misses the Net.
13:59 of 2nd period - Marian Hossa is hit by Erik Johnson and loses puck.
14:08 of 2nd period - Shot by David Jones.
14:08 of 2nd period - Shot Blocked by Ladislav Smid.
14:30 of 2nd period - Shot by Dan Cleary.
14:30 of 2nd period - Stopped by Miikka Kiprusoff without a rebound.
14:31 of 2nd period - Jordan Staal wins face-off versus Shawn Horcoff in Flames zone.
14:31 of 2nd period - Marian Hossa is hit by Jakub Kindl and loses puck.
14:35 of 2nd period - Icing by Jake Gardiner.
14:36 of 2nd period - Shawn Horcoff wins face-off versus Jordan Staal in Flames zone.
14:36 of 2nd period - Shawn Horcoff is hit by Jordan Staal.
14:58 of 2nd period - Shot by Jordan Staal.
14:58 of 2nd period - Stopped by Miikka Kiprusoff without a rebound.
14:58 of 2nd period - Minor Penalty to Jakub Kindl for Interference.
14:59 of 2nd period - Daniel Briere wins face-off versus Dustin Brown in Flames zone.
15:13 of 2nd period - Shot by Tyler Myers.
15:13 of 2nd period - Stopped by Miikka Kiprusoff with a rebound.
15:15 of 2nd period - Shot by Christian Ehrhoff.
15:15 of 2nd period - Stopped by Miikka Kiprusoff without a rebound.
15:16 of 2nd period - Jordan Staal wins face-off versus Dustin Brown in Flames zone.
16:03 of 2nd period - Icing by Jordan Staal.
16:04 of 2nd period - Jordan Staal wins face-off versus Michael Ryder in Sabres zone.
16:49 of 2nd period - Shot by Daniel Briere.
16:49 of 2nd period - Shot Blocked by Dan Boyle.
16:51 of 2nd period - Shot by Tyler Myers.
16:51 of 2nd period - Stopped by Miikka Kiprusoff without a rebound.
16:52 of 2nd period - Dustin Brown wins face-off versus Thomas Vanek in Flames zone.
17:10 of 2nd period - Erik Johnson is hit by Karl Alzner and loses puck.
17:49 of 2nd period - Icing by Erik Johnson.
17:50 of 2nd period - Jordan Staal wins face-off versus Pierre-Marc Bouchard in Flames zone.
18:10 of 2nd period - Icing by Marian Hossa.
18:11 of 2nd period - Ryan Kesler wins face-off versus Jordan Staal in Sabres zone.
18:14 of 2nd period - Shot by Dustin Brown.
18:14 of 2nd period - Shot Misses the Net.
18:22 of 2nd period - Shot by Ryan Kesler.
18:22 of 2nd period - Shot Misses the Net.
18:45 of 2nd period - Shot by Michael Ryder.
18:45 of 2nd period - Shot Misses the Net.
18:47 of 2nd period - Shot by Ryan Kesler.
18:47 of 2nd period - Shot Misses the Net.
18:51 of 2nd period - Shot by Michael Ryder.
18:51 of 2nd period - Stopped by Corey Crawford without a rebound.
18:52 of 2nd period - Daniel Briere wins face-off versus Shawn Horcoff in Sabres zone.
19:29 of 2nd period - Shot by Mike Richards.
19:29 of 2nd period - Deflect By Daniel Briere.
19:29 of 2nd period - Stopped by Miikka Kiprusoff with a rebound.
19:31 of 2nd period - Shot by Karl Alzner.
19:31 of 2nd period - Shot Misses the Net.
19:33 of 2nd period - Shot by Patrick Kaleta.
19:33 of 2nd period - Stopped by Miikka Kiprusoff without a rebound.
19:34 of 2nd period - Tuomo Ruutu wins face-off versus Ryan Kesler in Flames zone.
19:56 of 2nd period - Off-side.
19:57 of 2nd period - Jordan Staal wins face-off versus Pierre-Marc Bouchard in neutral zone.

3rd period


0:01 of 3rd period - Ryan Kesler wins face-off versus Jordan Staal in neutral zone.
0:06 of 3rd period - Karl Alzner is hit by Ryan Kesler and loses puck.
1:12 of 3rd period - Minor Penalty to Ladislav Smid for Close Hand On Puck.
1:12 of 3rd period - Minor Penalty to Tomas Kopecky for Interference.
1:13 of 3rd period - Jordan Staal wins face-off versus Pierre-Marc Bouchard in Sabres zone.
1:32 of 3rd period - Shot by Pierre-Marc Bouchard.
1:32 of 3rd period - Deflect By David Jones.
1:32 of 3rd period - Stopped by Corey Crawford without a rebound.
1:33 of 3rd period - Dustin Brown wins face-off versus Marian Hossa in Sabres zone.
1:52 of 3rd period - Shot by Ryan Kesler.
1:52 of 3rd period - Deflect By Dustin Brown.
1:52 of 3rd period - Stopped by Corey Crawford without a rebound.
1:53 of 3rd period - Jordan Staal wins face-off versus Dustin Brown in Sabres zone.
3:01 of 3rd period - Shot by Michael Ryder.
3:01 of 3rd period - Shot Blocked by Marian Hossa.
3:19 of 3rd period - Icing by Tyler Myers.
3:20 of 3rd period - Tuomo Ruutu wins face-off versus Pierre-Marc Bouchard in Sabres zone.
3:20 of 3rd period - Tuomo Ruutu is hit by David Jones.
3:57 of 3rd period - Shot by Dan Cleary.
3:57 of 3rd period - Stopped by Miikka Kiprusoff without a rebound.
3:58 of 3rd period - Shawn Horcoff wins face-off versus Daniel Briere in Flames zone.
4:00 of 3rd period - Icing by Dan Boyle.
4:01 of 3rd period - Shawn Horcoff wins face-off versus Daniel Briere in Flames zone.
4:41 of 3rd period - Bryce Salvador is hit by Patrick Kaleta and loses puck.
5:16 of 3rd period - Shot by Ryan Kesler.
5:16 of 3rd period - Stopped by Corey Crawford without a rebound.
5:17 of 3rd period - Ryan Kesler wins face-off versus Tuomo Ruutu in Sabres zone.
5:26 of 3rd period - Minor Penalty to Ryan Kesler for Interference.
5:27 of 3rd period - Jordan Staal wins face-off versus Dustin Brown in Flames zone.
5:55 of 3rd period - Off-side.
5:56 of 3rd period - Daniel Briere wins face-off versus Dustin Brown in neutral zone.
5:59 of 3rd period - Dan Boyle is hit by Mike Richards and loses puck.
6:04 of 3rd period - Shot by Daniel Briere.
6:04 of 3rd period - Stopped by Miikka Kiprusoff without a rebound.
6:05 of 3rd period - Daniel Briere wins face-off versus Dustin Brown in Flames zone.
6:30 of 3rd period - Shot by Mike Richards.
6:30 of 3rd period - Stopped by Miikka Kiprusoff without a rebound.
6:31 of 3rd period - Dustin Brown wins face-off versus Jordan Staal in Flames zone.
6:31 of 3rd period - Dustin Brown is hit by Jordan Staal.
6:49 of 3rd period - Shot by Jordan Staal.
6:49 of 3rd period - Stopped by Miikka Kiprusoff without a rebound.
6:50 of 3rd period - Dustin Brown wins face-off versus Daniel Briere in Flames zone.
6:50 of 3rd period - Dan Boyle is hit by Tuomo Ruutu and loses puck.
7:22 of 3rd period - Minor Penalty to Mike Richards for Roughing.
7:23 of 3rd period - Jordan Staal wins face-off versus Dustin Brown in Sabres zone.
7:23 of 3rd period - Jordan Staal is hit by Pierre-Marc Bouchard.
7:37 of 3rd period - Shot by Jack Johnson.
7:37 of 3rd period - Shot Blocked by Trevor Daley.
7:39 of 3rd period - Shot by Toni Lydman.
7:39 of 3rd period - Shot Blocked by Ladislav Smid.
7:43 of 3rd period - Shot by Shawn Horcoff.
7:43 of 3rd period - Stopped by Corey Crawford without a rebound.
7:44 of 3rd period - Ryan Kesler wins face-off versus Daniel Briere in Sabres zone.
8:03 of 3rd period - Shot by Dan Boyle.
8:03 of 3rd period - Shot Blocked by Jay Bouwmeester.
8:05 of 3rd period - Shot by Michael Ryder.
8:05 of 3rd period - Deflect By Dustin Brown.
8:05 of 3rd period - Goal by Dustin Brown - Flames : 4 - Sabres : 2.
8:06 of 3rd period - Shawn Horcoff wins face-off versus Tuomo Ruutu in neutral zone.
8:17 of 3rd period - Shot by Tomas Kopecky.
8:17 of 3rd period - Shot Blocked by Christian Ehrhoff.
8:19 of 3rd period - Shot by Shawn Horcoff.
8:19 of 3rd period - Shot Misses the Net.
8:21 of 3rd period - Shot by Toni Lydman.
8:21 of 3rd period - Stopped by Corey Crawford with a rebound.
8:23 of 3rd period - Shot by Shawn Horcoff.
8:23 of 3rd period - Stopped by Corey Crawford with a rebound.
8:53 of 3rd period - Icing by Toni Lydman.
8:54 of 3rd period - Shawn Horcoff wins face-off versus Jordan Staal in Flames zone.
9:03 of 3rd period - Shot by Jordan Staal.
9:03 of 3rd period - Stopped by Miikka Kiprusoff without a rebound.
9:04 of 3rd period - Ryan Kesler wins face-off versus Daniel Briere in Flames zone.
9:30 of 3rd period - Ryan Kesler is hit by Karl Alzner and loses puck.
9:34 of 3rd period - Icing by Jay Bouwmeester.
9:35 of 3rd period - Daniel Briere wins face-off versus Pierre-Marc Bouchard in Sabres zone.
9:35 of 3rd period - Daniel Briere is hit by David Jones.
9:45 of 3rd period - Shot by Mike Richards.
9:45 of 3rd period - Stopped by Miikka Kiprusoff without a rebound.
9:46 of 3rd period - Shawn Horcoff wins face-off versus Jordan Staal in Flames zone.
10:15 of 3rd period - Shot by Mikael Samuelsson.
10:15 of 3rd period - Shot Misses the Net.
10:17 of 3rd period - Shot by Tomas Kopecky.
10:17 of 3rd period - Stopped by Corey Crawford without a rebound.
10:18 of 3rd period - Daniel Briere wins face-off versus Ryan Kesler in Sabres zone.
10:29 of 3rd period - Shot by Dustin Brown.
10:29 of 3rd period - Stopped by Corey Crawford with a rebound.
10:31 of 3rd period - Shot by Michael Ryder.
10:31 of 3rd period - Shot Misses the Net.
11:03 of 3rd period - Dan Boyle is hit by Patrick Kaleta and loses puck.
11:13 of 3rd period - Icing by Jay Bouwmeester.
11:14 of 3rd period - Shawn Horcoff wins face-off versus Daniel Briere in Sabres zone.
11:28 of 3rd period - Minor Penalty to Karl Alzner for Hooking.
11:29 of 3rd period - Shawn Horcoff wins face-off versus Carson McMillan in Sabres zone.
11:56 of 3rd period - Shot by Jack Johnson.
11:56 of 3rd period - Stopped by Corey Crawford without a rebound.
11:57 of 3rd period - Mike Richards wins face-off versus Ryan Kesler in Sabres zone.
12:17 of 3rd period - Off-side.
12:18 of 3rd period - Shawn Horcoff wins face-off versus Daniel Briere in neutral zone.
12:33 of 3rd period - Icing by Toni Lydman.
12:34 of 3rd period - Mike Richards wins face-off versus Mikael Samuelsson in Flames zone.
12:48 of 3rd period - Mikael Samuelsson is hit by Ladislav Smid and loses puck.
13:04 of 3rd period - Mikael Samuelsson is hit by Ladislav Smid and loses puck.
15:17 of 3rd period - Shot by Dan Cleary.
15:17 of 3rd period - Stopped by Miikka Kiprusoff without a rebound.
15:18 of 3rd period - Shawn Horcoff wins face-off versus Carson McMillan in Flames zone.
15:18 of 3rd period - Shawn Horcoff is hit by Patrick Kaleta.
15:28 of 3rd period - Shot by Tyler Myers.
15:28 of 3rd period - Stopped by Miikka Kiprusoff without a rebound.
15:29 of 3rd period - Shawn Horcoff wins face-off versus Jordan Staal in Flames zone.
15:34 of 3rd period - Tyler Myers is hit by Mikael Samuelsson and loses puck.
17:15 of 3rd period - Icing by Bryce Salvador.
17:16 of 3rd period - Tuomo Ruutu wins face-off versus Ryan Kesler in Flames zone.
17:23 of 3rd period - Ladislav Smid is hit by Dustin Brown and loses puck.
17:49 of 3rd period - Ladislav Smid is hit by Erik Johnson and loses puck.
18:09 of 3rd period - Shot by Pierre-Marc Bouchard.
18:09 of 3rd period - Deflect By David Jones.
18:09 of 3rd period - Stopped by Corey Crawford without a rebound.
18:10 of 3rd period - Shawn Horcoff wins face-off versus Daniel Briere in Sabres zone.
18:11 of 3rd period - Shot by Mikael Samuelsson.
18:11 of 3rd period - Shot Misses the Net.
18:13 of 3rd period - Shot by Mikael Samuelsson.
18:13 of 3rd period - Shot Misses the Net.
18:15 of 3rd period - Shot by Shawn Horcoff.
18:15 of 3rd period - Shot Misses the Net.
18:17 of 3rd period - Shot by Mikael Samuelsson.
18:17 of 3rd period - Shot Misses the Net.
18:19 of 3rd period - Shot by Shawn Horcoff.
18:19 of 3rd period - Stopped by Corey Crawford without a rebound.
18:20 of 3rd period - Jordan Staal wins face-off versus Cody Hodgson in Sabres zone.
18:26 of 3rd period - Minor Penalty to Tyler Myers for Tripping.
18:27 of 3rd period - Ryan Kesler wins face-off versus Mike Richards in Sabres zone.
19:08 of 3rd period - Shot by Dan Boyle.
19:08 of 3rd period - Shot Blocked by Karl Alzner.
19:10 of 3rd period - Shot by Bryce Salvador.
19:10 of 3rd period - Shot Blocked by Karl Alzner.
19:37 of 3rd period - Shot by Mikael Samuelsson.
19:37 of 3rd period - Shot Misses the Net.
19:39 of 3rd period - Shot by Tomas Kopecky.
19:39 of 3rd period - Shot Blocked by Marian Hossa.


Output by the SimonT Hockey Simulator (STHS) for Stephane Roy -- Original Page W3C XHTML 1.0 Valid
Hockey Simulator - Hockey Simulation - Hockey Manager